 Dungeon Crawl Stone Soup version 0.22-a0-192-g6ffc940 (webtiles) character file.

41129 Amnesiac the Thaumaturge (level 13, 0/79 HPs)
             Began as a Mummy Earth Elementalist on Feb 16, 2018.
             Was a High Priest of Ashenzari.
             Slain by an orc warrior
             ... wielding a +0 trident
             ... led by an orc warlord
              (14 damage)
             ... on level 10 of the Dungeon.
             The game lasted 00:43:09 (17191 turns).

Amnesiac the Thaumaturge (MuEE)                    Turns: 17191, Time: 00:43:10

Health: 0/79       AC:  6    Str: 12    XL:     13   Next: 78%
Magic:  31/31      EV: 12    Int: 18    God:    Ashenzari [*****.]
Gold:   955        SH:  0    Dex: 13    Spells: 24/41 levels left

rFire    x . .     SeeInvis +   h - +0 dagger (elec) (curse)
rCold    + . .     Gourm    .   (no shield)
rNeg     + + +     Faith    .   K - +1 robe {Archmagi}
rPois    ∞         Spirit   .   m - +1 helmet
rElec    .         Reflect  .   G - +0 cloak
rCorr    .         Harm     .   (no gloves)
MR       ++...     Clarity  +   (no boots)
Stlth    ++++......             E - amulet of magic regeneration
HPRegen  0.23/turn              f - ring of positive energy (curse)
MPRegen  0.47/turn              i - ring of protection from magic (curse)

@: no status effects
A: no food or potions, fire vulnerability, cold resistance 1, negative energy
resistance 3, torment resistance, unbreathing, in touch with death 1
a: Curse Item, Scrying, Transfer Knowledge, Renounce Religion


You were on level 10 of the Dungeon.
You worshipped Ashenzari.
Ashenzari was extremely pleased with you.
You were not hungry.

You visited 3 branches of the dungeon, and saw 16 of its levels.
You also visited: Ossuary.

You collected 955 gold pieces.

Inventory:

Hand Weapons
 h - a cursed +0 dagger of electrocution (weapon)
Missiles
 o - 63 poisoned needles
 x - 3 throwing nets
 H - 103 stones (quivered)
Armour
 l - a +0 troll leather armour
 m - a +1 helmet (worn)
 G - a +0 cloak (worn)
 K - a +1 robe of the Archmagi (worn)
Jewellery
 c - an uncursed ring of resist corrosion
 e - a +4 amulet of reflection
 f - a cursed ring of positive energy (left hand)
 i - a cursed ring of protection from magic (right hand)
 v - a +3 ring of intelligence
 z - an uncursed ring of wizardry
 B - an uncursed ring of fire
 E - an amulet of magic regeneration (around neck)
 F - an uncursed ring of magical power
Wands
 t - a wand of iceblast (8)
 w - a wand of polymorph (48)
 A - a wand of scattershot (6)
 C - a wand of enslavement (19)
 I - a wand of random effects (26)
 O - a wand of acid (6)
Scrolls
 a - 3 scrolls of blinking {!r}
 b - a scroll of brand weapon {!r}
 g - 10 scrolls of identify {!r}
 j - 3 scrolls of teleportation {!r}
 k - 5 scrolls of magic mapping {!r}
 n - 11 scrolls of remove curse {!r}
 p - 7 scrolls of enchant armour {!r}
 q - a scroll of enchant weapon {!r}
 r - a scroll of summoning {!r, unknown}
 s - 3 scrolls of amnesia {!r}
 y - a scroll of silence {!r}
 D - 2 scrolls of vulnerability {!r}
 J - a scroll of holy word {!r}
 L - a scroll of fog {!r}
 M - a scroll of acquirement {!r}
 N - 2 scrolls of fear {!r}
Books
 d - a book of Geomancy

   Spells                             Type                      Level
   a - Sandblast                      Earth                        1
   b - Passwall                       Transmutation/Earth          2
   c - Stone Arrow                    Conjuration/Earth            3
   d - Petrify                        Transmutation/Earth          4
   e - Lee's Rapid Deconstruction     Earth                        5
 u - a book of Dreams

   Spells                             Type                      Level
   a - Ensorcelled Hibernation        Hexes/Ice                    2
   b - Borgnjor's Vile Clutch         Necromancy/Earth             5
   c - Silence                        Hexes/Air                    5
   d - Darkness                       Hexes                        6
   e - Shadow Creatures               Summoning                    6


   Skills:
 - Level 5.0(9.0) Short Blades
 - Level 1.5 Dodging
 + Level 7.8 Stealth
 + Level 14.7 Spellcasting
 - Level 0.7(2.0) Transmutations
 * Level 14.7(16.9) Earth Magic


You had 24 spell levels left.
You knew the following spells:

 Your Spells              Type           Power        Failure   Level  Hunger
a - Borgnjor's Vile Clut  Necr/Erth      #######...   3%          5    N/A
b - Passwall              Tmut/Erth      ######....   1%          2    N/A
c - Sandblast             Erth           ######       0%          1    N/A
d - Lee's Rapid Deconstr  Erth           #######...   1%          5    N/A
e - Petrify               Tmut/Erth      ######..     1%          4    N/A

Dungeon Overview and Level Annotations

Branches:
Dungeon (14/15)            Temple (1/1) D:5            Lair (0/6) D:8
    Orc (1/2) D:10         Vaults (0/5) D:14

Altars:
Ashenzari
Cheibriados
Dithmenos
Elyvilon
Fedhas
Gozag
Hepliaklqana
Kikubaaqudgha
Makhleb
Nemelex Xobeh
Okawaru
Qazlal
Ru
Sif Muna
Trog
Uskayaw
Vehumet
Wu Jian
Xom
Yredelemnul
Zin
The Shining One
Lugonu

Annotations:
D:2 Terence
D:13 3 runed doors


Innate Abilities, Weirdness & Mutations

You do not eat or drink.
Your flesh is vulnerable to fire.
You are immune to poison.
Your flesh is cold resistant. (rC+)
You are immune to negative energy. (rN+++)
You are immune to unholy pain and torment.
You can survive without breathing.
You are in touch with the powers of death.


Message History

The orc warlord is moderately wounded.
The blast of petrified fragments hits the plant.
The plant is moderately damaged.
The blast of petrified fragments hits the orc.
You kill the orc!
The blast of petrified fragments hits the plant.
The plant is heavily damaged.
Unknown command.
The orc warlord stops moving altogether!
The helpless orc warlord fails to defend itself.
You spit the orc warlord like a pig!!!
The orc warlord is heavily wounded.
The helpless orc warlord fails to defend itself.
You stick the orc warlord like a pincushion!!!
The orc warlord is severely wounded.
Unknown command.
The helpless orc warlord fails to defend itself.
You stick the orc warlord like a pincushion!!!
The orc warlord is almost dead.
The helpless orc warlord fails to defend itself.
You skewer the orc warlord like a kebab!!!
You kill the orc warlord!
Things that are here:
a +0 battleaxe; an uncursed chain mail
There is a staircase to the Orcish Mines here.
Wear which item? (? for menu, Esc to quit)
Magic restored.
You start removing your armour.
You continue taking off your +1 robe of the Archmagi. x4
You finish taking off your +1 robe of the Archmagi.
You feel strangely numb.
You start putting on your armour.
You continue putting on your +0 troll leather armour. x5
You finish putting on your +0 troll leather armour.
You start resting.
HP restored.
Wear which item? (? for menu, Esc to quit)
You start removing your armour.
You continue taking off your +0 troll leather armour. x4
You finish taking off your +0 troll leather armour.
You start putting on your armour.
You continue putting on your +1 robe of the Archmagi. x5
You finish putting on your +1 robe of the Archmagi.
You feel powerful.
You climb downwards.
Welcome back to the Orcish Mines!
The orc shouts!
The ogre misses you.
The orc warrior hits you with a trident!
There is a staircase back to the Dungeon here.
Casting: Lee's Rapid Deconstruction (safe; 1% risk of failure)
Confirm with . or Enter, or press ? or * to list all spells.
Okay, then.
The orc warrior hits you with a trident!
The orc sorcerer hits you but does no damage.
The ogre barely misses you.
You climb upwards.
Welcome back to the Dungeon!
There is a staircase to the Orcish Mines here.
The orc sorcerer closely misses you.
The orc warrior hits you with a trident!!
* * * LOW HITPOINT WARNING * * *
The ogre hits you with a giant spiked club!
* * * LOW HITPOINT WARNING * * *
The orc warrior hits you from afar with a trident!
You die...

♣♣.....P.P...P...P.≈≈≈≈≈........≈
.......P.P.....P.P.≈≈≈≈≈....###.≈
.####..P...P.P.P[P.≈≈≈≈≈...'#.##≈
.#..#..P...P.P....≈≈≈≈≈≈..##...##
.#..'..P.P...P.P..≈≈≈≈≈≈..#..>..#
.####..P.P.P.......≈≈≈≈≈..##...##
...................≈≈≈≈....##.##≈
.......PP.P..PPPPP.≈≈≈≈.....###≈≈
.####''#........@...≈≈≈≈..≈≈≈≈≈≈≈
.#.....#P.P.PPOoPPPP≈≈≈≈≈≈≈≈≈≈≈≈≈
.#.....#......o>....≈≈≈≈≈≈≈≈≈≈≈≈.
.#######$.P.PPPPPPP.≈≈≈≈≈≈≈≈≈≈≈..
.......)............≈≈≈≈≈≈≈≈≈≈...
..PPPP.P.PP.PPPP..PP≈≈≈≈≈≈≈≈≈....
....................≈≈≈≈≈≈≈≈≈....
..PPP.P.....PPPP.P.≈≈≈≈≈≈≈≈≈≈....
....................≈≈≈≈≈≈≈≈.....


You could see an orc sorcerer, an orc warrior and an ogre.

Vanquished Creatures
  Kirke (D:12)
  A frost giant (D:11)
  An orc warlord (D:10)
  Azrael (D:12)
  Snorg (Orc:1)
  A yaktaur captain (D:11)
  A hydra (D:12)
  Harold (D:11)
  3 two-headed ogres
  A centaur warrior (D:12)
  The ghost of 4thArraOfDagon the Cleaver, a novice OpEn of Cheibriados (D:10)
  Nergalle (D:12)
  Urug (D:11)
  A wizard (D:14)
  An obsidian statue (D:13)
  An unseen horror (D:14)
  A necromancer (D:14)
  A deep elf mage (D:14)
  3 ugly things
  3 manticores
  4 cyclopes
  A centaur zombie (D:14)
  Psyche (D:11)
  3 gargoyles
  An efreet (D:14)
  A kobold demonologist (D:9)
  2 komodo dragons
  A merfolk (D:10)
  9 trolls
  2 hornets (D:11)
  4 hippogriffs
  Grinder (D:3)
  A meliai zombie (D:11)
  2 dream sheep (D:12)
  3 wyverns (D:10)
  A wraith (D:11)
  A vampire (D:14)
  3 hogs
  25 yaks
  Grum (D:10)
  A human (D:12)
  4 fire elementals (D:12)
  4 hungry ghosts
  4 vampire mosquitoes (D:14)
  2 acid dragons
  A hell hound (D:12)
  9 orc warriors
  2 sky beasts (D:9)
  9 black bears (D:10)
  3 ice beasts
  A phantom (D:7)
  3 ogres
  2 necrophages
  7 centaurs
  3 wolves (D:10)
  Blork the orc (D:3)
  A crocodile (D:12)
  17 big kobolds
  8 bullfrogs
  A wyvern zombie (Ossuary)
  3 gnoll sergeants
  An elf skeleton (D:8)
  7 scorpions
  13 killer bees
  A howler monkey (D:2)
  5 electric eels (D:10)
  6 crimson imps
  A quasit (D:10)
  4 bullfrog zombies
  6 hounds
  4 centaur skeletons
  5 gnoll shamans (D:10)
  A human zombie (D:8)
  A jelly (D:11)
  8 orc priests
  16 orc wizards
  3 bullfrog skeletons
  Jessica (D:3)
  2 human skeletons (D:8)
  4 iguanas
  9 worker ants
  13 mummies (Ossuary)
  A killer bee zombie (Ossuary)
  2 hound zombies (Ossuary)
  A hound skeleton (D:4)
  Robin (D:2)
  A howler monkey skeleton (D:11)
  A worker ant zombie (Ossuary)
  7 adders
  8 gnolls
  5 shadow imps
  An adder zombie (Ossuary)
  2 worms
  6 leopard geckos
  53 orcs
  2 ball pythons
  4 bat skeletons (D:2)
  2 bat zombies (D:2)
  6 giant cockroaches
  12 goblins
  8 hobgoblins
  15 jackals
  37 kobolds
  5 quokkas
  A ball python zombie (Ossuary)
  4 bats
  10 frilled lizards
  2 leopard gecko skeletons
  An orc skeleton (D:8)
  An orc zombie (D:8)
  8 rats
497 creatures vanquished.

Vanquished Creatures (others)
  An orc (Orc:1)
  A bush (D:10)
  A plant (D:10)
  A withered plant (Ossuary)
4 creatures vanquished.

Grand Total: 501 creatures vanquished

Notes
Turn   | Place    | Note
-------+----------+-------------------------------------------
     0 | D:1      | Amnesiac the Mummy Earth Elementalist began the quest for the Orb.
     0 | D:1      | Reached XP level 1. HP: 13/13 MP: 4/4
   130 | D:1      | Reached XP level 2. HP: 12/19 MP: 5/5
   197 | D:1      | Learned a level 2 spell: Passwall
   513 | D:2      | Found a sparkling altar of Nemelex Xobeh.
   516 | D:2      | Noticed a howler monkey
   553 | D:2      | Reached XP level 3. HP: 17/24 MP: 0/7
   662 | D:2      | Reached XP level 4. HP: 30/30 MP: 4/9
   684 | D:2      | Noticed Terence
  1060 | D:2      | Found an ancient bone altar of Kikubaaqudgha.
  1319 | D:3      | Learned a level 4 spell: Petrify
  1712 | D:4      | Reached XP level 5. HP: 28/35 MP: 7/11
  1724 | D:4      | Learned a level 5 spell: Lee's Rapid Deconstruction
  2134 | D:5      | Entered Level 5 of the Dungeon
  2147 | D:5      | Found a staircase to the Ecumenical Temple.
  2165 | Temple   | Entered the Ecumenical Temple
  2180 | Temple   | Became a worshipper of Ashenzari the Shackled
  3050 | D:2      | Noticed Robin
  3054 | D:2      | Killed Robin
  3419 | D:3      | Noticed Grinder
  3423 | D:3      | Paralysed by Grinder for 2 turns
  3428 | D:3      | Killed Grinder
  3428 | D:3      | Reached skill level 1 in Short Blades
  3428 | D:3      | Reached skill level 5 in Earth Magic
  3428 | D:3      | Reached XP level 6. HP: 38/41 MP: 5/13
  3673 | D:3      | Noticed Blork the orc
  3680 | D:3      | Killed Blork the orc
  3680 | D:3      | Reached skill level 5 in Spellcasting
  3684 | D:3      | Reached * piety under Ashenzari
  3684 | D:3      | Found a deep blue altar of Sif Muna.
  3828 | D:3      | Noticed Jessica
  3833 | D:3      | Killed Jessica
  3833 | D:3      | Reached XP level 7. HP: 43/46 MP: 14/14
  4353 | D:4      | Found a shimmering altar of Xom.
  4353 | D:4      | Found a hazy altar of Hepliaklqana.
  4358 | D:4      | Found a glowing silver altar of Zin.
  4360 | D:4      | Found a snail-covered altar of Cheibriados.
  4361 | D:4      | Found a stormy altar of Qazlal.
  4796 | D:5      | Found a deep blue altar of Sif Muna.
  4821 | D:5      | Found a blossoming altar of Fedhas.
  5366 | D:6      | Found a white marble altar of Elyvilon.
  5387 | D:6      | Found an ornate altar of the Wu Jian Council.
  5387 | D:6      | Reached ** piety under Ashenzari
  6122 | D:7      | Reached XP level 8. HP: 46/52 MP: 14/17
  6688 | D:7      | Reached *** piety under Ashenzari
  7030 | D:8      | Found a sand-covered staircase.
  7045 | Ossuary  | Entered an ossuary
  7233 | Ossuary  | Reached XP level 9. HP: 33/57 MP: 15/21
  7563 | D:8      | Found a staircase to the Lair.
  7728 | D:8      | Found a sacrificial altar of Ru.
  7967 | D:8      | Found a glowing golden altar of the Shining One.
  7969 | D:8      | Found a radiant altar of Vehumet.
  7975 | D:8      | Found an iron altar of Okawaru.
  8106 | D:9      | Found a stormy altar of Qazlal.
  8192 | D:9      | Noticed a two-headed ogre
  8220 | D:9      | Killed a two-headed ogre
  8280 | D:9      | Noticed a kobold demonologist
  8329 | D:9      | Killed a kobold demonologist
  8329 | D:9      | Reached XP level 10. HP: 38/63 MP: 12/23
  8602 | D:9      | Reached skill level 10 in Spellcasting
  8602 | D:9      | Reached skill level 10 in Earth Magic
  8761 | D:9      | Reached **** piety under Ashenzari
  8863 | D:10     | Entered Level 10 of the Dungeon
  9117 | D:10     | Noticed 4thArraOfDagon's ghost (novice OpEn)
  9119 | D:10     | Found a staircase to the Orcish Mines.
  9127 | D:10     | HP: 2/63 [electric eel/bolt of electricity (13)]
  9137 | D:10     | Killed 4thArraOfDagon's ghost
  9706 | D:10     | Reached XP level 11. HP: 26/68 MP: 20/26
  9985 | D:10     | Noticed a two-headed ogre
 10159 | D:10     | Killed a two-headed ogre
 10181 | D:10     | Noticed Grum
 10346 | D:10     | Killed Grum
 10550 | D:10     | Found a sacrificial altar of Ru.
 10798 | D:10     | Noticed a two-headed ogre
 10806 | D:10     | Killed a two-headed ogre
 11450 | D:11     | Noticed Urug
 11459 | D:11     | Noticed Harold
 11642 | D:11     | HP: 1/68 [troll (4)]
 12115 | Orc:1    | Entered Level 1 of the Orcish Mines
 12117 | Orc:1    | Noticed Snorg
 12119 | Orc:1    | Noticed an orc warlord
 12126 | Orc:1    | Noticed an orc sorcerer
 12128 | Orc:1    | Killed Snorg
 12520 | D:11     | Found a large runed door.
 12523 | D:11     | Reached XP level 12. HP: 72/74 MP: 13/28
 12582 | D:11     | Found a large runed door.
 12798 | D:11     | Noticed Psyche
 12813 | D:11     | Killed Psyche
 12854 | D:11     | Reached skill level 5 in Short Blades
 12890 | D:11     | Killed Harold
 13169 | D:11     | Killed Urug
 13169 | D:11     | Reached skill level 5 in Stealth
 13172 | D:11     | Noticed a frost giant
 13216 | D:10     | Learned a level 5 spell: Borgnjor's Vile Clutch
 13392 | D:11     | Noticed a yaktaur captain
 13401 | D:11     | Killed a yaktaur captain
 13495 | D:12     | Reached ***** piety under Ashenzari
 13566 | D:12     | Noticed Kirke
 13578 | D:12     | Killed Kirke
 13771 | D:11     | Found a burning altar of Makhleb.
 13774 | D:11     | Found a blossoming altar of Fedhas.
 13903 | D:11     | Killed a frost giant
 14221 | D:12     | Noticed Nergalle
 14237 | D:12     | Killed Nergalle
 14237 | D:12     | Gained mutation: You are in touch with the powers of death. [Mummy growth]
 14237 | D:12     | Reached XP level 13. HP: 79/79 MP: 30/30
 14368 | D:12     | Noticed Azrael
 14707 | D:12     | Killed Azrael
 15456 | D:13     | Identified a scroll of acquirement {!r}
 15536 | D:13     | Found a runed door.
 15551 | D:13     | Found a runed door.
 15565 | D:13     | Found a runed door.
 15589 | D:13     | Found a runed door.
 16626 | D:14     | Found a gate to the Vaults.
 17078 | D:10     | Killed an orc warlord
 17191 | D:10     | Slain by an orc warrior

Vault maps used:
D:1:      arrival_zaba_pyramid, minmay_distorted
D:2:      lemuel_doored_altar, kennysheep_vampire_church, first_ration,
          minmay_statues_item, minmay_crystal_water, uniq_robin, uniq_terence
D:3:      tgw_sif, uniq_grinder, uniq_jessica
D:4:      chequers_temple_overflow_minitemple, grunt_ministairs_7
D:5:      lemuel_ice_spiral_2, marbit_many_paths, fedhas_altar_2,
          minmay_temple_entry_overgrown
D:6:      overflow_temple_1_default, elyvilon_altar_4
D:8:      nicolae_overflow_quartered_altars, dpeg_oklobed_lair,
          nicolae_ossuary_entry_catacombs
D:9:      basic_altar, kennysheep_generic_room_15
D:10:     kennysheep_town, uniq_grum
D:11:     jmf_multi_god_temple2, uniq_harold, uniq_urug, uniq_psyche
D:12:     minivault_16, hangedman_ranch, uniq_azrael, uniq_nergalle, uniq_kirke
D:13:     minmay_statue_crystal_thing
D:14:     david_vaults_1, kennysheep_nondescript
Temple:   corrupted_temple
Orc:1:    bh_open_orc_temple, uniq_erolcha, uniq_snorg, uniq_fannar
Ossuary:  ossuary_zaba_flooded

Skill      XL: |  1  2  3  4  5  6  7  8  9 10 11 12 13 |
---------------+----------------------------------------+-----
Spellcasting   | 3 4 5 6 8 9 11 12 13 14 | 14.7
Earth Magic    | 3 4 5 6 8 9 11 12 13 14 | 14.7
Short Blades   | 1 2 4 5 |  5.0
Stealth        | 2 3 4 6 7 |  7.8
Dodging        | |  1.5
Transmutations | |  0.7

Action                   |  1- 3 |  4- 6 |  7- 9 | 10-12 | 13-15 || total
-------------------------+-------+-------+-------+-------+-------++-------
Melee: Hand axe          |    32 |    60 |       |       |       ||    92
       Dagger            |       |   142 |   330 |   363 |   200 ||  1035
Throw: Stone             |       |     1 |       |     1 |       ||     2
 Cast: Sandblast         |     9 |    38 |    62 |   144 |     7 ||   260
       Petrify           |       |       |     6 |    92 |    38 ||   136
       Lee's Rapid Decon |       |       |     6 |    36 |    23 ||    65
       Passwall          |       |       |       |     2 |    15 ||    17
       Borgnjor's Vile C |       |       |       |     5 |    15 ||    20
Invok: Curse Item        |       |     2 |       |       |       ||     2
  Use: Scroll            |       |     5 |     3 |    11 |     6 ||    25
 Stab: Sleeping          |     3 |     2 |    10 |     8 |    11 ||    34
       Petrified         |       |       |     4 |   107 |    35 ||   146
       Distracted        |       |       |     1 |     1 |       ||     2
       Petrifying        |       |       |       |     8 |     4 ||    12
Armor: Robe              |    10 |    39 |    38 |    23 |    30 ||   140
       Troll leather arm |       |       |       |    46 |    14 ||    60
Dodge: Dodged            |    24 |   133 |   126 |   192 |    77 ||   552
Block: Other             |       |    25 |    30 |    23 |       ||    78
       Reflection        |       |     2 |       |     1 |       ||     3

Table legend:
 A = Spawn XP
 B = Non-spawn XP
 C = Spawn XP percentage of total XP
 D = Spawn monster count
 E = Non-spawn monster count
 F = Spawn count percentage of total count
 G = Total turns spent on level
                    A         B        C        D         E        F      G
               +---------+---------+-------+---------+---------+-------+---------
         Total |       0 |   58757 |   0.0 |       0 |     496 |   0.0 | 17191
               +---------+---------+-------+---------+---------+-------+---------
           D:1 |       0 |      56 |   0.0 |       0 |      32 |   0.0 |  1076
           D:2 |       0 |     139 |   0.0 |       0 |      31 |   0.0 |  1132
           D:3 |       0 |     431 |   0.0 |       0 |      14 |   0.0 |   889
           D:4 |       0 |     197 |   0.0 |       0 |      15 |   0.0 |  1559
           D:5 |       0 |     260 |   0.0 |       0 |      12 |   0.0 |   498
           D:6 |       0 |     211 |   0.0 |       0 |       8 |   0.0 |   898
           D:7 |       0 |     588 |   0.0 |       0 |      20 |   0.0 |   821
           D:8 |       0 |    1140 |   0.0 |       0 |      23 |   0.0 |   760
           D:9 |       0 |    4102 |   0.0 |       0 |      56 |   0.0 |  1017
          D:10 |       0 |   10844 |   0.0 |       0 |      82 |   0.0 |  3405
          D:11 |       0 |   13224 |   0.0 |       0 |      55 |   0.0 |  1406
          D:12 |       0 |   11636 |   0.0 |       0 |      46 |   0.0 |  1494
          D:13 |       0 |    5597 |   0.0 |       0 |      31 |   0.0 |   755
          D:14 |       0 |    8448 |   0.0 |       0 |      46 |   0.0 |  1081
         Orc:1 |       0 |    1241 |   0.0 |       0 |       2 |   0.0 |    22
       Ossuary |       0 |     643 |   0.0 |       0 |      23 |   0.0 |   326
               +---------+---------+-------+---------+---------+-------+---------
